 Dungeon Crawl Stone Soup version 0.16-a0-321-g9a421ca (webtiles) character file.

24489 Ratboiler the Grappler (level 12, -8/122 HPs)
             Began as a Troll Wanderer on Sept 2, 2014.
             Was the Champion of Makhleb.
             Mangled by a sun demon (13 damage)
             ... on Level 8 of the Lair of Beasts.
             The game lasted 00:56:58 (11944 turns).

Ratboiler the Grappler (Troll Wanderer)            Turns: 11944, Time: 00:56:59

HP  -8/122       AC  8     Str 26      XL: 12   Next: 81%
MP  15/15        EV 14     Int  5      God: Makhleb [******]
Gold 941         SH  0     Dex 13      Spells:  3 memorised,  8 levels left

rFire  . . .     SeeInvis .       - Unarmed
rCold  . . .     Clarity  .     S - +2 robe {rN+}
rNeg   + . .     rCorr    .     (shield restricted)
rPois  +         rRot     .     (helmet restricted)
rElec  .         Spirit   .     m - +0 cloak
SustAb .         Warding  .     (gloves unavailable)
rMut   .         Stasis   .     (boots unavailable)
Gourm  +                        J - amulet of faith
MR     .....                    e - ring of poison resistance
                                M - ring of regeneration

@: about to teleport, not resistant to hostile enchantments, unstealthy
A: unfitting armour, claws 3, fast metabolism 3, gourmand, regeneration 2,
saprovore 2, shaggy fur 1, tough skin 2
a: Minor Destruction, Lesser Servant of Makhleb, Major Destruction, Greater
Servant of Makhleb, Renounce Religion


You were on level 8 of the Lair of Beasts.
You worshipped Makhleb.
Makhleb was exalted by your worship.
You were very full.

You visited 3 branches of the dungeon, and saw 17 of its levels.
You also visited: Sewer.

You collected 941 gold pieces.

Inventory:

Missiles
 i - 25 poisoned needles
 k - 19 stones (quivered)
 H - 2 needles of sleeping
 R - 3 tomahawks of returning
Armour
 m - a +0 cloak (worn)
 S - a +2 robe of positive energy (worn)
Magical devices
 t - a wand of lightning (3)
 Q - a wand of lightning (2)
 V - a wand of invisibility (5)
 W - a wand of slowing (9)
 Y - a wand of fireball (0)
Comestibles
 f - 14 meat rations
 j - 2 fruits
 q - 4 slices of pizza
 s - 7 bread rations
 E - a beef jerky
Scrolls
 a - 2 scrolls of vulnerability {unknown}
 g - a scroll of fear
 p - 2 scrolls of remove curse
 r - a scroll of enchant weapon
 u - 3 scrolls of teleportation
 v - 3 scrolls of fog {unknown}
 w - a scroll of enchant armour {unknown}
 y - a scroll of holy word {unknown}
 F - a scroll of blinking {unknown}
 L - 2 scrolls of silence {unknown}
 O - 3 scrolls of amnesia {unknown}
 P - 2 scrolls of random uselessness {unknown}
 T - 3 scrolls of magic mapping {unknown}
 U - a scroll of noise {unknown}
Jewellery
 e - a ring of poison resistance (right claw)
 z - a +2 ring of protection
 J - an amulet of faith (around neck)
 M - a ring of regeneration (left claw)
Potions
 c - 2 potions of lignification
 h - 6 potions of heal wounds {unknown}
 l - a potion of cure mutation
 n - a potion of resistance
 o - 3 potions of curing
 x - a potion of agility
 A - 3 potions of flight {unknown}
 B - 5 potions of haste {unknown}
 C - 3 potions of brilliance {unknown}
 D - 2 potions of cancellation {unknown}
 G - 2 potions of might
 I - 2 potions of restore abilities
 N - a potion of magic
 X - 2 potions of invisibility {unknown}
Books
 b - a book of Frost

   Spells                             Type                      Level
   Freeze                             Ice                          1
   Throw Frost                        Conjuration/Ice              2
   Ozocubu's Armour                   Charms/Ice                   3
   Throw Icicle                       Conjuration/Ice              4
   Summon Ice Beast                   Ice/Summoning                4
   Condensation Shield                Ice                          4
Miscellaneous
 d - a lamp of fire (inert)


   Skills:
 + Level 8.7 Fighting
 + Level 8.6 Dodging
 - Level 1.7 Stealth
   Level 1.0 Shields
 * Level 14.8 Unarmed Combat
 - Level 1.0 Spellcasting
 - Level 1.2 Hexes
 - Level 1.3 Translocations
 - Level 4.9 Invocations


You had 8 spell levels left.
You knew the following spells:

 Your Spells              Type           Power        Failure   Level  Hunger
a - Corona                Hex            #......      30%         1    ##.....
b - Repel Missiles        Chrm/Air       #.....       80%         2    ###....
c - Blink                 Tloc           N/A          43%         2    ###....


Dungeon Overview and Level Annotations

Branches:
Dungeon (9/15) Temple (1/1) D:7 Lair (8/8) D:9 Spider (0/5) Lair:3 Slime (0/6) Lair:7 Lair:8 Orc: D:9-12 Swamp: Lair:3-6 Shoals: Lair:3-6

Altars:
Kikubaaqudgha
Makhleb
Okawaru
Sif Muna
Vehumet
The Shining One

Annotations:
D:8 Maurice


Innate Abilities, Weirdness & Mutations

You are too large for most types of armour.
You have claws for hands.
Your metabolism is lightning-fast.
You like to eat raw meat.
You heal very quickly.
You can eat rotten meat.
You are covered in fur (AC +1).
You have very tough skin (AC +2).


Message History

The sun demon is lightly wounded.
You closely miss the sun demon.
The sun demon is lightly wounded.
The sun demon barely misses you.
You completely miss the sun demon.
The sun demon is lightly wounded.
The sun demon hits you!!
You are engulfed in flames!
* * * LOW HITPOINT WARNING * * *
The red devil hits you from afar with a trident!
* * * LOW HITPOINT WARNING * * *
Unknown command.
Unknown command.
Drink which item? (? for menu, Esc to quit)
Okay, then.
Read which item? (? for menu, Esc to quit)
As you read the scroll of teleportation, it crumbles to dust.
You feel strangely unstable. The sun demon hits you!!
* * * LOW HITPOINT WARNING * * *
You are engulfed in flames!
You die...

4..44'...8.8..# ♣....♣
♣♣ #..8.8...# ♣...♣♣
♣♣♣. #.4.8.8..# ♣♣..♣
♣♣..♣ #..8.8...#
♣♣.♣♣♣♣..♣♣ +...848.4#
♣..♣♣..♣♣ #......4.#♣
♣♣..♣..♣
#########4♣♣♣♣♣ ♣♣♣..♣♣
♣♣♣3♣♣.♣♣ ♣♣..♣♣
♣%..@...♣♣ ♣♣..♣♣
♣....♣♣♣...♣♣♣..♣♣♣♣♣♣♣
♣...♣♣♣♣
♣♣♣♣..♣.♣♣♣♣...♣ ♣...♣
♣♣♣...♣...... ♣..♣♣
♣♣....♣♣♣♣♣ . ♣....♣♣
♣...♣♣ ♣♣...♣♣ ♣.....♣♣


You could see a sun demon, a hellwing and 2 red devils.

Vanquished Creatures
  Gastronok (Lair:1)
  A hydra (Lair:8)
  Erica (Lair:3)
  A death yak (Lair:6)
  A wizard (Lair:8)
  A griffon (Lair:8)
  A black mamba (Lair:3)
  3 spiny frogs
  2 fire drakes (Lair:8)
  A komodo dragon (Lair:8)
  9 blink frogs
  A slime creature (Lair:3)
  2 basilisks
  The ghost of Afay the Bolt Thrower, an average KoHu of Dithmenos (D:4)
  A redback (Lair:3)
  Eustachio (D:4)
  50 yaks
  A hungry ghost (D:5)
  A wolf (Lair:8)
  6 hippogriffs
  The ghost of Casul the Magician, an average OpMo (D:3)
  6 water moccasins
  An orc warrior (D:9)
  A hell hound (Lair:8)
  A steam dragon (D:9)
  An ice beast (D:4)
  12 porcupines
  3 phantoms
  A yellow wasp (D:7)
  4 centaurs (D:8)
  4 ogres
  5 crocodiles
  A manticore skeleton (D:9)
  A big kobold (Sewer)
  A boring beetle (Lair:8)
  12 giant frogs
  A cyclops skeleton (D:6)
  4 scorpions
  7 killer bees
  An electric eel (Lair:1)
  3 crimson imps
  2 goliath beetles
  10 hounds
  12 jellies
  6 wights
  A giant frog zombie (D:9)
  Crazy Yiuf (D:4)
  4 orc priests
  A giant frog skeleton (D:8)
  7 orc wizards
  7 iguanas
  4 worker ants
  2 orange rats (D:9)
  A hound zombie (D:8)
  A mummy (D:8)
  18 adders
  7 gnolls
  38 green rats
  3 shadow imps
  A giant mite (D:1)
  2 worms
  An iguana zombie (D:7)
  An iguana skeleton (D:4)
  20 oozes
  24 orcs
  A ball python (D:2)
  20 bats
  4 giant cockroaches
  16 hobgoblins
  9 jackals
  14 kobolds
  11 quokkas
  4 giant geckos
  2 giant newts (D:4)
  16 goblins
  A hobgoblin skeleton (D:8)
  A kobold skeleton (D:8)
  An orc skeleton (D:4)
  18 rats
449 creatures vanquished.

Vanquished Creatures (collateral kills)
  A spiny frog (Lair:8)
  A green rat (Lair:8)
2 creatures vanquished.

Vanquished Creatures (others)
  3 fungi
3 creatures vanquished.

Grand Total: 454 creatures vanquished

Notes
Turn   | Place    | Note
--------------------------------------------------------------
     0 | D:1      | Ratboiler, the Troll Wanderer, began the quest for the Orb.
     0 | D:1      | Reached XP level 1. HP: 19/19 MP: 2/2
     2 | D:1      | Learned a level 1 spell: Corona
   120 | D:1      | Reached skill level 1 in Unarmed Combat
   154 | D:1      | Reached XP level 2. HP: 25/27 MP: 2/2
   845 | D:2      | Reached skill level 2 in Unarmed Combat
   845 | D:2      | Reached XP level 3. HP: 26/33 MP: 3/3
  1008 | D:2      | Reached skill level 1 in Dodging
  1219 | D:2      | Reached XP level 4. HP: 26/42 MP: 3/3
  1398 | D:2      | Reached skill level 3 in Unarmed Combat
  2297 | D:3      | Reached XP level 5. HP: 49/49 MP: 4/4
  2443 | D:3      | Noticed Casul's ghost (average OpMo)
  2458 | D:3      | Killed Casul's ghost
  2458 | D:3      | Reached skill level 4 in Unarmed Combat
  2458 | D:3      | Reached XP level 6. HP: 43/59 MP: 5/5
  2581 | D:3      | Found a burning altar of Makhleb.
  2595 | D:3      | Found a glowing golden altar of the Shining One.
  2599 | D:3      | Found an ancient bone altar of Kikubaaqudgha.
  2621 | D:3      | Became a worshipper of Makhleb the Destroyer
  3170 | D:4      | Reached skill level 5 in Unarmed Combat
  3204 | D:4      | Noticed Afay's ghost (average KoHu)
  3213 | D:4      | Acquired Makhleb's first power
  3223 | D:4      | Killed Afay's ghost
  3223 | D:4      | Reached XP level 7. HP: 63/67 MP: 5/5
  3283 | D:4      | Noticed Eustachio
  3320 | D:4      | Killed Eustachio
  3320 | D:4      | Reached skill level 6 in Unarmed Combat
  3464 | D:4      | Noticed Crazy Yiuf
  3472 | D:4      | Killed Crazy Yiuf
  3512 | D:5      | Entered Level 5 of the Dungeon
  3702 | D:5      | Reached XP level 8. HP: 78/78 MP: 5/5
  3789 | D:5      | Reached skill level 7 in Unarmed Combat
  4007 | D:5      | Found a glowing drain.
  4015 | Sewer    | Entered a sewer
  4124 | Sewer    | Found a white marble altar of Elyvilon.
  4340 | D:5      | Acquired Makhleb's second power
  5176 | D:6      | Found a deep blue altar of Sif Muna.
  5298 | D:6      | Reached skill level 8 in Unarmed Combat
  5455 | D:7      | Reached XP level 9. HP: 50/87 MP: 6/6
  5560 | D:7      | Reached skill level 5 in Fighting
  5640 | D:7      | Got a faintly humming robe
  5651 | D:7      | Identified the +0 robe of the Flute {Stlth++} (You took it off a goblin on level 7 of the Dungeon)
  5676 | D:7      | Acquired Makhleb's third power
  5719 | D:7      | Learned a level 2 spell: Repel Missiles
  5722 | D:7      | Learned a level 2 spell: Blink
  5986 | D:7      | Found a staircase to the Ecumenical Temple.
  5992 | Temple   | Entered the Ecumenical Temple
  6208 | D:8      | Noticed Maurice
  6222 | D:8      | Reached skill level 9 in Unarmed Combat
  6248 | D:8      | Reached skill level 5 in Dodging
  6681 | D:8      | Acquired Makhleb's fourth power
  6993 | D:8      | Reached skill level 10 in Unarmed Combat
  7307 | D:9      | Found a staircase to the Lair.
  7320 | D:9      | Reached XP level 10. HP: 90/98 MP: 7/7
  7469 | D:9      | Acquired Makhleb's fifth power
  7551 | D:9      | Reached skill level 11 in Unarmed Combat
  7755 | Lair:1   | Entered Level 1 of the Lair of Beasts
  7923 | Lair:1   | Noticed Gastronok
  7965 | Lair:1   | Killed Gastronok
  7965 | Lair:1   | Reached skill level 12 in Unarmed Combat
  7965 | Lair:1   | Reached XP level 11. HP: 28/109 MP: 7/7
  8249 | Lair:1   | Reached skill level 1 in Invocations
  9363 | Lair:2   | Reached skill level 13 in Unarmed Combat
 10434 | Lair:3   | Noticed Erica
 10434 | Lair:3   | Found a hole to the Spider Nest.
 10460 | Lair:3   | Reached XP level 12. HP: 99/119 MP: 15/15
 10466 | Lair:3   | Killed Erica
 10831 | Lair:3   | Reached skill level 14 in Unarmed Combat
 11208 | Lair:4   | You fall through a shaft for 3 floors!
 11435 | Lair:7   | Found a staircase to the Slime Pits.
 11511 | Lair:8   | Entered Level 8 of the Lair of Beasts
 11654 | Lair:8   | Found a staircase to the Slime Pits.
 11716 | Lair:8   | Noticed a four-headed hydra
 11737 | Lair:8   | Killed a four-headed hydra
 11923 | Lair:8   | Found a burning altar of Makhleb.
 11944 | Lair:8   | HP: 5/122 [sun demon (27)]
 11944 | Lair:8   | Mangled by a sun demon

Action                   |  1- 3 |  4- 6 |  7- 9 | 10-12 || total
-------------------------+-------+-------+-------+-------++-------
Melee: Unarmed           |   121 |   207 |   411 |   714 ||  1453
Throw: Stone             |     2 |       |       |       ||     2
Evoke: Wand              |       |       |     2 |     9 ||    11
       Lamp of fire      |       |       |       |     1 ||     1
  Use: Scroll            |     2 |       |     3 |    10 ||    15
       Potion            |       |       |       |     8 ||     8
 Stab: Sleeping          |     1 |       |     1 |     4 ||     6
       Distracted        |       |     1 |     2 |       ||     3
       Held in net/web   |       |       |       |     4 ||     4
  Eat: Chunk             |    11 |    18 |    35 |    51 ||   115
       Beef jerky        |     1 |       |       |       ||     1
       Pizza             |       |       |     1 |       ||     1
